 Dungeon Crawl Stone Soup version 0.20.1-1-g8b1a95d (webtiles) character file.

7672 ChromeMolly the Covert (level 11, -1/72 HPs)
             Began as an Octopode Fighter on Nov 17, 2017.
             Was an Initiate of Gozag.
             Slain by an orc knight
             ... wielding a +0 long sword
              (30 damage)
             ... on level 10 of the Dungeon.
             The game lasted 00:52:12 (10530 turns).

ChromeMolly the Covert (Octopode Fighter)          Turns: 10530, Time: 00:52:15

Health: -1/72      AC:  2    Str: 23    XL:     11   Next: 18%
Magic:  11/11      EV: 14    Int: 10    God:    Gozag
Gold:   846        SH: 13    Dex: 14    Spells: 6/10 levels left

rFire    . . .     SeeInvis +   z - +7 hand axe of the Vestibule of Hell {flame, rN+ Dex-3 Stlth+}
rCold    + + .     Gourm    .   b - +1 shield
rNeg     + . .     Faith    .   w - +1 hat
rPois    +         Spirit   .   E - +2 amulet of reflection
rElec    +         Reflect  +   h - ring of ice
rCorr    +         Harm     .   B - +2 ring of dexterity
MR       +....                  C - ring of poison resistance
Stlth    ++++++++..             (no ring)
Regen    0.3/turn               (no ring)
MPRegen  0.2/turn               (no ring)
                                (no ring)
                                (no ring)

@: mighty, resistant, barbed spikes, gold aura
A: almost no armour, stealthy swim, amphibious, 8 rings, constrict 8, camouflage
2, see invisible, magic resistance 1, strong 1, gelatinous body 1
a: Potion Petition, Call Merchant, Bribe Branch, Renounce Religion


You were on level 10 of the Dungeon.
You worshipped Gozag.
Gozag was pleased with you.
You were full.

You visited 2 branches of the dungeon, and saw 11 of its levels.

You collected 1825 gold pieces.
You spent 894 gold pieces at shops.
You paid 85 gold pieces to Gozag.

Inventory:

Hand Weapons
 a - a +0 war axe
 e - a +3 dagger of freezing
 z - the +7 hand axe of the Vestibule of Hell (weapon) {flame, rN+ Dex-3 Stlth+}
   (You bought it in a shop on level 5 of the Dungeon)

   It has been specially enchanted to burn those struck by it, causing extra
   injury to most foes and up to half again as much damage against particularly
   susceptible opponents.
   Big, fiery blades are also staple armaments of hydra-hunters.
   It affects your dexterity (-3).
   It protects you from negative energy.
   It makes you more stealthy.
 K - a +1 dagger
Missiles
 f - 13 poisoned tomahawks (quivered)
 g - 327 stones
 x - 2 throwing nets
Armour
 b - a +1 shield (worn)
 w - a +1 hat (worn)
Jewellery
 h - a ring of ice (left tentacle)
 B - a +2 ring of dexterity (right tentacle)
 C - a ring of poison resistance (on tentacle)
 E - a +2 amulet of reflection (around mantle)
 R - an uncursed ring of resist corrosion {unknown}
Wands
 r - a wand of polymorph (15/24)
 y - a wand of digging (9/24)
 A - a wand of lightning (1/15)
 D - a wand of iceblast (1/15)
 F - a wand of flame (17/48)
 H - a wand of confusion (33/48)
 O - a wand of clouds (4/9)
 P - a wand of random effects (25/48)
Scrolls
 n - 5 scrolls of remove curse
 p - 5 scrolls of blinking
 J - 4 scrolls of teleportation
 M - a scroll of fog
 N - a scroll of fear
Potions
 j - 6 potions of flight
 k - 3 potions of mutation
 m - a potion of heal wounds
 o - a potion of ambrosia
 q - 2 potions of brilliance
 s - a potion of magic
 u - 2 potions of resistance
 G - 2 potions of cancellation
 I - a potion of agility {unknown}
 L - 2 potions of curing
 Q - a potion of haste {unknown}
Books
 t - a book of Cantrips

   Spells                             Type                      Level
   a - Confusing Touch                Hexes                        1
   b - Animate Skeleton               Necromancy                   1
   c - Summon Small Mammal            Summoning                    1
   d - Apportation                    Translocation                1
 v - a book of Misfortune

   Spells                             Type                      Level
   a - Confusing Touch                Hexes                        1
   b - Confuse                        Hexes                        3
   c - Gell's Gravitas                Translocation                3
   d - Petrify                        Transmutation/Earth          4
   e - Metabolic Englaciation         Hexes/Ice                    5
   f - Yara's Violent Unravelling     Hexes/Transmutation          5
Comestibles
 d - 5 bread rations
 i - 5 meat rations
 l - 3 royal jellies


   Skills:
 + Level 5.4 Fighting
 * Level 6.5 Short Blades
 + Level 6.0 Axes
 * Level 6.6 Throwing
 + Level 4.8 Dodging
 * Level 13.8 Stealth
 + Level 5.7 Shields
 + Level 0.2 Unarmed Combat
 + Level 1.2 Evocations


You had 6 spell levels left.
You knew the following spells:

 Your Spells              Type           Power        Failure   Level  Hunger
a - Apportation           Tloc           #.....       77%         1    ##.....
b - Confuse               Hex            #.......     98%         3    ####...


Dungeon Overview and Level Annotations

Branches:
Dungeon (10/15)            Temple (1/1) D:4            Lair (0/6) D:10
    Orc (0/2) D:10

Altars:
Cheibriados
Dithmenos
Elyvilon
Gozag
Makhleb
Nemelex Xobeh
Okawaru
Qazlal
Trog
Uskayaw
Vehumet

Shops:
D:4 *   D:5 (   D:6 *   D:9 }

Annotations:
D:6 Cheops's ghost, novice TrMo


Innate Abilities, Weirdness & Mutations

You cannot wear most types of armour.
You are very stealthy in the water. (Stealth+)
You are amphibious.
You can wear up to eight rings at the same time.
You can use your tentacles to constrict eight enemies at once.
Your skin blends seamlessly with your surroundings (Stealth++).
Your rubbery body absorbs attacks. (AC +1, EV +1)
You have supernaturally acute eyesight. (SInv)
You are resistant to hostile enchantments. (MR+)
Your muscles are strong. (Str +2)


Message History

The bullfrog zombie is distracted by the nearby gold.
You block the orc knight's attack. The bullfrog hits you.
The manticore flicks its tail.
The volley of spikes hits you!
The barbed spikes become lodged in your body.
* * * LOW HITPOINT WARNING * * *
You feel much better.
You constrict the orc knight. The bullfrog barely misses you.
The orc knight hits you with a long sword.
You block the bullfrog's attack.
The manticore flicks its tail.
The volley of spikes hits you!
The barbed spikes become lodged in your body.
You slice the bullfrog!! You burn the bullfrog.
You kill the bullfrog!
You hit the orc knight. You burn the orc knight. You constrict the orc knight.
The efreet is no longer distracted by gold.
The orc knight hits you with a long sword!!
You die...
Your body crumbles into a pile of gold.

#.....#.##### ##.#.
#..⌠..#.....## #...
#.....#####..## ##..
#..#...#..# ##..# #..
#.#.###.#.# ##.# #..
##..#....## #.# #..
## #'#### ##.#####.
#.# #.....##. #@#
##...#..#. #H$o$.#
###...###.#. #Y#..$#
#......#..#.
.R##8##..+.........'.
### .Z#
###..#......#. ...
#.###...###. #.# #.
#...## #. #.# #
.....# #. ####.## #.


You could see an orc knight, a manticore, an efreet, an ice beast and a bullfrog
zombie.

Vanquished Creatures
  Erica (D:8)
  A glowing orange brain (D:10)
  Psyche (D:8)
  2 trolls (D:9)
  4 hogs (D:7)
  A wraith (D:7)
  A human (D:7)
  A hungry ghost (D:8)
  3 water moccasins
  Edmund (D:6)
  2 orc warriors
  2 sky beasts
  An eye of draining (D:8)
  An ice beast (D:9)
  4 ogres
  3 phantoms
  A black bear (D:9)
  2 necrophages
  The ghost of AlyssaTheNerd the Skirmisher, an amateur MfBe of Trog (D:3)
  4 centaurs
  3 big kobolds
  4 bullfrogs
  A gnoll sergeant (D:6)
  A wyvern zombie (D:6)
  A water moccasin skeleton (D:7)
  3 scorpions
  3 killer bees (D:7)
  5 wights (D:10)
  A howler monkey (D:5)
  2 centaur zombies
  A bullfrog zombie (D:8)
  2 crimson imps
  A quasit (D:8)
  A bullfrog skeleton (D:6)
  5 hounds
  2 centaur skeletons
  4 orc priests
  8 orc wizards
  2 jellies
  Jessica (D:3)
  An iguana (D:5)
  6 worker ants
  2 hound skeletons
  A hound zombie (D:5)
  A howler monkey zombie (D:9)
  A worker ant zombie (D:9)
  8 gnolls
  A howler monkey skeleton (D:9)
  8 adders
  4 shadow imps
  2 oozes (D:2)
  2 worms
  A dart slug (D:1)
  7 leopard geckos
  35 orcs
  6 bats
  10 giant cockroaches
  12 goblins
  6 hobgoblins
  13 jackals
  A quokka (D:6)
  4 ball pythons
  4 frilled lizards
  A giant cockroach zombie (D:5)
  28 kobolds
  5 rats
258 creatures vanquished.

Notes
Turn   | Place    | Note
-------+----------+-------------------------------------------
     0 | D:1      | ChromeMolly the Octopode Fighter began the quest for the Orb.
     0 | D:1      | Reached XP level 1. HP: 16/16 MP: 1/1
    85 | D:1      | Reached XP level 2. HP: 16/21 MP: 2/2
   162 | D:1      | Reached skill level 1 in Stealth
   543 | D:1      | Reached XP level 3. HP: 21/26 MP: 3/3
   546 | D:1      | Reached skill level 2 in Stealth
  1270 | D:2      | Reached skill level 3 in Stealth
  1345 | D:2      | Reached skill level 1 in Short Blades
  1345 | D:2      | Reached XP level 4. HP: 21/31 MP: 4/4
  2092 | D:2      | Found a snail-covered altar of Cheibriados.
  2215 | D:2      | Reached skill level 1 in Throwing
  2478 | D:3      | Found a hide-covered altar of Uskayaw.
  2658 | D:3      | Noticed Jessica
  2663 | D:3      | Killed Jessica
  2663 | D:3      | Reached skill level 4 in Stealth
  2663 | D:3      | Reached XP level 5. HP: 36/36 MP: 5/5
  2740 | D:3      | Gained mutation: Your muscles are strong. (Str +2) [potion of mutation]
  2740 | D:3      | Gained mutation: Your skin blends seamlessly with your surroundings (Stealth++). [potion of mutation]
  2740 | D:3      | Gained mutation: You are resistant to hostile enchantments. (MR+) [potion of mutation]
  2740 | D:3      | Gained mutation: You have supernaturally acute eyesight. (SInv) [potion of mutation]
  2979 | D:3      | Noticed AlyssaTheNerd's ghost (amateur MfBe)
  3025 | D:3      | Learned a level 1 spell: Apportation
  3216 | D:3      | Reached skill level 5 in Stealth
  3471 | D:3      | Killed AlyssaTheNerd's ghost
  3471 | D:3      | Reached XP level 6. HP: 40/42 MP: 6/6
  3585 | D:3      | Learned a level 1 spell: Confusing Touch
  3906 | D:4      | Reached skill level 6 in Stealth
  3907 | D:4      | Noticed a phantom
  4196 | D:4      | Killed a phantom
  4196 | D:4      | Reached XP level 7. HP: 30/46 MP: 7/7
  4245 | D:4      | Found a staircase to the Ecumenical Temple.
  4267 | Temple   | Entered the Ecumenical Temple
  4299 | Temple   | Became a worshipper of Gozag Ym Sagoz the Greedy
  4646 | D:4      | Found Ikhoguok's Serpentskin Sales.
  4651 | D:4      | Reached skill level 7 in Stealth
  4667 | D:4      | Bought 6 poisoned tomahawks for 84 gold pieces
  4667 | D:4      | Bought 8 poisoned tomahawks for 112 gold pieces
  5088 | D:5      | Entered Level 5 of the Dungeon
  5107 | D:5      | Reached XP level 8. HP: 46/54 MP: 8/8
  5412 | D:5      | Reached skill level 8 in Stealth
  6034 | D:5      | Found Gazxics's Antique Weapon Shop.
  6037 | D:5      | Bought a crystal hand axe for 192 gold pieces
  6039 | D:5      | Identified the +7 hand axe of the Vestibule of Hell {flame, rN+ Dex-3 Stlth+} (You bought it in a shop on level 5 of the Dungeon)
  6532 | D:6      | Noticed Cheops's ghost (novice TrMo)
  6628 | D:6      | Noticed Edmund
  6638 | D:6      | Killed Edmund
  6639 | D:6      | Found Muigok's Assorted Antiques.
  6650 | D:6      | Bought a scroll labeled VUMUTWUBBE for 17 gold pieces
  6650 | D:6      | Bought a triangular emerald amulet for 85 gold pieces
  6650 | D:6      | Bought an ivory wand for 68 gold pieces
  6696 | D:6      | Reached skill level 9 in Stealth
  6696 | D:6      | Reached XP level 9. HP: 58/58 MP: 9/9
  6928 | D:6      | Reached skill level 5 in Short Blades
  7265 | D:6      | Learned a level 3 spell: Confuse
  7282 | D:7      | Reached skill level 10 in Stealth
  7933 | D:7      | Reached skill level 11 in Stealth
  8233 | D:7      | Reached skill level 1 in Evocations
  8237 | D:7      | Reached skill level 5 in Throwing
  8240 | D:7      | Reached skill level 5 in Shields
  8240 | D:7      | Reached XP level 10. HP: 23/65 MP: 10/10
  8584 | D:8      | Reached skill level 12 in Stealth
  8711 | D:8      | Noticed Erica
  8717 | D:8      | Killed Erica
  9139 | D:8      | Noticed Psyche
  9142 | D:8      | Killed Psyche
  9142 | D:8      | Reached skill level 5 in Fighting
  9142 | D:8      | Reached skill level 5 in Axes
  9328 | D:8      | Found a bloodstained altar of Trog.
  9331 | D:8      | Found an iron altar of Okawaru.
  9625 | D:9      | Reached skill level 13 in Stealth
 10121 | D:9      | Reached XP level 11. HP: 58/72 MP: 11/11
 10203 | D:9      | Found Keafur's Gadget Shoppe.
 10219 | D:9      | Bought a wand of clouds (4/9) for 336 gold pieces
 10309 | D:10     | Entered Level 10 of the Dungeon
 10336 | D:10     | Found a staircase to the Lair.
 10377 | D:10     | Found a staircase to the Orcish Mines.
 10486 | D:10     | Noticed a glowing orange brain
 10492 | D:10     | Killed a glowing orange brain
 10519 | D:10     | Noticed an orc knight
 10522 | D:10     | Noticed a manticore
 10530 | D:10     | Slain by an orc knight

Skill      XL: |  1  2  3  4  5  6  7  8  9 10 11 |
---------------+----------------------------------+-----
Stealth        | 1 3 4 5 6 7 9 11 13 | 13.8
Short Blades   | 1 2 3 4 5 6 |  6.5
Throwing       | 1 2 4 5 6 |  6.6
Axes           | 3 4 5 6 |  6.0
Shields        | 4 5 |  5.7
Fighting       | 4 5 |  5.4
Dodging        | 4 |  4.8
Evocations     | 1 |  1.2
Unarmed Combat | |  0.2

Action                   |  1- 3 |  4- 6 |  7- 9 | 10-12 || total
-------------------------+-------+-------+-------+-------++-------
Melee: War axe           |    22 |     8 |    19 |       ||    49
       Constrict         |    11 |    25 |    49 |    20 ||   105
       Tentacles         |    10 |    25 |    59 |    21 ||   115
       Dagger            |    37 |   108 |   142 |    25 ||   312
       Unarmed           |       |     1 |       |       ||     1
       Hand axe          |       |       |    63 |    93 ||   156
Throw: Stone             |    18 |    23 |    43 |       ||    84
       Tomahawk          |       |       |    12 |    24 ||    36
Evoke: Wand              |       |       |     2 |     4 ||     6
  Use: Scroll            |       |     8 |     9 |     3 ||    20
       Potion            |       |     2 |     3 |     3 ||     8
 Stab: Sleeping          |    10 |    13 |    22 |    17 ||    62
       Distracted        |       |       |     2 |     3 ||     5
  Eat: Chunk             |     1 |     8 |       |       ||     9
       Fruit             |       |       |     5 |       ||     5
       Bread ration      |       |       |     2 |     2 ||     4
       Royal jelly       |       |       |     1 |     2 ||     3
Armor: Skin              |     1 |     5 |     6 |     5 ||    17
Dodge: Dodged            |    21 |    25 |    73 |    31 ||   150
Block: Shield            |    17 |    30 |    81 |    74 ||   202
       Reflection        |       |       |       |     1 ||     1
